 BcadrenCrawl: Boulder Brew version 0.05.4-47-g4e6e437f84 (webtiles) character file.

Game seed: 9317564583703466248, levelgen mode: deterministic

1 diana the Ducker (level 1, 0/3 HPs) Fairy Demigod. Began on Apr 3, 2022. Slain by a cinder newt (1 damage) ... on level 1 of the Dungeon. The game lasted 00:00:14 (25 turns).

diana the Ducker (Fairy Demigod)                      Turns: 25, Time: 00:00:14

Health: 0/3        AC:  0    Str:  9    XL:     1 ^: 13
Magic:  3/3        EV: 27    Int: 17    God:
Gold:   0          SH:  0    Dex: 19    Spells: 1/2 levels left

rFire    . . .     Vision   .   (no jewelry)
rCold    . . .     Gourm    .
rNeg     . . .     Faith    .
rCorr    . . .     Spirit   .
rPois    .         Reflect  .
rElec    .         Harm     .
MR       .....
Stlth    +.........
HPRegen  0.11/turn
MPRegen  0.13/turn

@: glowing, slow
A: tiny, no armour or weapons, only one jewelry slot, no melee attacks, fairy
magic, fairy shield, decreased potion and divine healing, unfitting armour,
flight, high mp 1, slowness 1, fairy light 1, insubstantial
a: Fly


You were on level 1 of the Dungeon.
You were not hungry.

You visited 1 branch of the dungeon, and saw 1 of its levels.

Inventory:

Comestibles
 b - a ration


   Skills:
 + Level 4.0 Dodging
 + Level 1.3 Stealth
 + Level 1.2 Spellcasting
 + Level 2.3 Fire Magic


You had one spell level left.
You knew the following spells:

 Your Spells              Type           Power        Failure   Level  Hunger
a - Flame Tongue          Fire           8 (30)       9%          1    20-40

Your spell library contained the following spells:

 Spells                   Type           Power        Failure   Level  Hunger
 Slow Hex 1 (100) 22% 1 20-40 Conjure Flame Fire 8 (100) 24% 3 100-160 Blink Tloc N/A 32% 2 60-100 Call Imp Summ 1 (100) 32% 2 60-100 Mephitic Cloud Pois/Air       1 (100)      54%         3    100-160


Dungeon Overview and Level Annotations

Branches:
Dungeon (1/8)


Innate Abilities, Weirdness & Mutations

You are too small to use any gear.
You can wear a single ring or amulet completely around your body.
You are incapable of melee of any kind.
Your magic reserves are extremely low but spells that normally cost one mana are free and all other spells cost one mana.
You are extremely frail but all attacks that strike you do exactly one damage.
The effect of potions and godly healing effects is reduced to match your tiny health and magic reserves.
You are able to fly continuously.
You have an increased reservoir of magic. (+15% MP)
You cover ground slowly.
You exude a bright light in a small radius around yourself.
Your insubstantial form boosts your evasion and grants immunity to sticky flames, nets and constriction.


Message History

Casting: Flame Tongue (safe; 9% risk of failure)
Confirm with . or Enter, or press ? or * to list all spells.
Aiming: Flame Tongue (safe; 9% risk of failure)
Press: ? - help, Shift-Dir - straight line, f/p - cinder newt
Aim: a cinder newt (86%, 86% to-hit, moderately wounded (8/11), 38% (Melee), haloed)
The flame tongue hits the cinder newt (2).
The cinder newt resists.
The cinder newt is heavily wounded. (6/11) HP The cinder newt closely misses you (0).
Casting: Flame Tongue (safe; 9% risk of failure)
Confirm with . or Enter, or press ? or * to list all spells.
Aiming: Flame Tongue (safe; 9% risk of failure)
Press: ? - help, Shift-Dir - straight line, f/p - cinder newt
Aim: a cinder newt (86%, 86% to-hit, heavily wounded (6/11), 38% (Melee), haloed)
The flame tongue hits the cinder newt (1).
The cinder newt resists.
The cinder newt is heavily wounded. (5/11) HP The cinder newt bites you (2).
The cinder newt burns you (4). The cinder newt bites you (1).
You die...

#################
................###
#.####.####.##.@.##
#...##...###l.#
#.⌠.##.⌠.# ##.#
#...##...# #†# #
##.####.## ..#
##.####.####.# .⌠.#
...................#
.....<.........##.##
............... ..


You could see a cinder newt.

Vanquished Creatures
  A bat (D:1)
1 creature vanquished.

Notes
Turn   | Place    | Note
-------+----------+-------------------------------------------
     0 | D:1      | diana the Fairy Demigod began the quest for the Orb.
     0 | D:1      | Reached XP level 1. HP: 3/3 MP: 3/3
    25 | D:1      | Slain by a cinder newt

Levels and vault maps discovered:
D:1:      dpeg_arrival_chambers_temple_mockup, layout_basic, minmay_holes,
          serial_bayou_crossing

Action                   || total
-------------------------++-------
 Cast: Flame Tongue      ||     4
Dodge: Dodged            ||     2
